 Dungeon Crawl Stone Soup version 0.31-a0-496-g6f97920a28 (webtiles) character file.

Game seed: 15074131248773360309

233 Sabo the Chopper (level 5, -7/40 HPs)
             Began as a Demonspawn Gladiator on Aug 8, 2023.
             Mangled by a gnoll
             ... wielding a +0 flail
              (8 damage)
             ... on level 3 of the Dungeon.
             The game lasted 00:09:21 (1942 turns).

Sabo the Chopper (Demonspawn Gladiator)             Turns: 1942, Time: 00:09:24

Health: -7/40      AC: 10    Str: 16    XL:     5   Next: 75%
Magic:  5/5        EV:  8    Int:  9    God:
Gold:   81         SH:  0    Dex: 17    Spells: 4/4 levels left

rFire   . . .        a - +0 war axe
rCold   . . .        (no shield)
rNeg    . . .        m - +0 chain mail
rPois   .            c - +0 helmet
rElec   .            i - scarf {+Inv}
rCorr   .            n - +0 pair of gloves
SInv    .            (no boots)
Will    +....        (no amulet)
Stlth   +            o - ring "Zetan" {Will+ Stlth+}
HPRegen 0.26/turn    (no ring)
MPRegen 0.09/turn

%: no passive effects
@: no status effects
A: thin skeletal structure 1, powered by death 1, weakness stinger 1
a: Evoke Invisibility


You were on level 3 of the Dungeon.
You visited 1 branch of the dungeon, and saw 3 of its levels.

You collected 81 gold pieces.

Inventory:

Hand Weapons
 a - a +0 war axe (weapon)
Missiles
 d - 3 throwing nets (quivered)
 e - a javelin
 k - 5 boomerangs
Armour
 c - a +0 helmet (worn)
 i - a scarf of invisibility (worn)
 m - a +0 chain mail (worn)
 n - a +0 pair of gloves (worn)
Jewellery
 o - the ring "Zetan" (left hand) {Will+ Stlth+}
   (You found it on level 2 of the Dungeon)

   [ring of willpower]

   Will:      It increases your willpower.
   Stlth:     It makes you more stealthy.
Scrolls
 h - a scroll of brand weapon
 j - a scroll of teleportation
 p - a scroll of amnesia {unknown}
Potions
 b - a potion of resistance {unknown}
 f - a potion of degeneration {unknown}
 g - 2 potions of might {unknown}
 l - 2 potions of heal wounds {unknown}
 q - a potion of curing {unknown}
 r - a potion of enlightenment {unknown}


   Skills:
 + Level 2.9 Fighting
 + Level 4.4 Axes
 + Level 1.9 Throwing
 + Level 1.6 Armour
 + Level 3.6 Dodging
 + Level 0.1 Stealth


You had 4 spell levels left.
You didn't know any spells.
Your spell library contained the following spells:

 Spells                   Type           Power      Damage    Failure   Level
 Apportation              Tloc           0%         N/A       99%         1
 Necrotise                Necr           0%         1d4       99%         1
 Summon Small Mammal      Summ           0%         N/A       99%         1
 Wereblood                Tmut           0%         N/A       100%        2
 Ignite Poison            Fire/Tmut/Pois 0%         N/A       100%        3
 Animate Armour           Summ/Erth      0%         N/A       100%        4
 Yara's Violent Unravell  Hex/Tmut       0%         3d3       100%        5


Dungeon Overview and Level Annotations

Branches:
Dungeon (3/15)

Altars:


Innate Abilities, Weirdness & Mutations

You have a somewhat thin skeletal structure. (Dex +2, Stealth+)
You regenerate a little health from kills.
You have a small tail.


Message History

You finish putting on your scarf of invisibility.
You become transparent for a moment.
As you open the door, it creaks loudly!
There is an open door here. 4 gnolls come into view.
The gnoll shouts! x4
The gnoll barely misses you. The gnoll hits you but does no damage.
The gnoll hits you with a +0 halberd!
You closely miss the gnoll. You hit the gnoll but do no damage.
The gnoll hits you with a +0 club. The gnoll hits you but does no damage.
You hit the gnoll.
The gnoll is lightly wounded.
You closely miss the gnoll. The gnoll hits you but does no damage.
The gnoll completely misses you. The gnoll hits you with a +0 club.
You hit the gnoll but do no damage. You hit the gnoll.
The gnoll hits you but does no damage. The gnoll barely misses you.
The gnoll hits you with a +0 flail!
You slash the gnoll!
You tail-slap the gnoll, but do no damage.
The gnoll is almost dead.
You barely miss the gnoll. The gnoll hits you with a +0 club.
The gnoll hits you from afar with a +0 halberd.
* * * LOW HITPOINT WARNING * * *
The gnoll closely misses you.
You hit the gnoll but do no damage.
The gnoll is almost dead.
You hit the gnoll but do no damage. The gnoll hits you with a +0 club.
* * * LOW HITPOINT WARNING * * *
The gnoll hits you from afar with a +0 halberd.
* * * LOW HITPOINT WARNING * * *
The gnoll hits you with a +0 flail.
* * * LOW HITPOINT WARNING * * *
You hit the gnoll but do no damage.
You tail-slap the gnoll, but do no damage.
The gnoll is almost dead.
You hit the gnoll. The gnoll hits you with a +0 club.
* * * LOW HITPOINT WARNING * * *
The gnoll closely misses you. The gnoll barely misses you.
The gnoll hits you with a +0 flail!
You die...

###
#.###############################
#................................
#.###############################
#.# #.. #.# #.# #.# #############
#.# #.# #.@ggg.... .. #.# #.#
###### #g######## #. #.# #.#
#....# #.######## #.####..
#.###....######.........##.......
#...'............................
#..##....#############...........
......#### ............ #####.#
..........#. #.# ########..#.


You could see 4 gnolls.

Vanquished Creatures
  Sigmund (D:2)
  Jessica (D:2)
  An adder (D:2)
  A worm (D:2)
  3 orcs (D:3)
  7 ball pythons
  4 bats
  3 endoplasms
  3 giant cockroaches
  A goblin (D:2)
  3 hobgoblins
  2 kobolds (D:3)
  5 quokkas
  A frilled lizard (D:1)
  4 rats
40 creatures vanquished.

Notes
Turn   | Place    | Note
-------+----------+-------------------------------------------
     0 | D:1      | Sabo the Demonspawn Gladiator began the quest for the Orb.
     0 | D:1      | Reached XP level 1. HP: 16/16 MP: 1/1
    13 | D:1      | Got the Incunable of the Remoulded Xenolith
   217 | D:1      | Reached skill level 3 in Axes
   311 | D:1      | Gained mutation: You have a small tail. [demonic ancestry]
   311 | D:1      | Reached XP level 2. HP: 22/22 MP: 2/2
  1036 | D:2      | Noticed Sigmund
  1052 | D:2      | Killed Sigmund
  1053 | D:2      | Reached skill level 4 in Axes
  1053 | D:2      | Reached skill level 1 in Armour
  1053 | D:2      | Reached XP level 3. HP: 15/28 MP: 3/3
  1053 | D:2      | Gained mutation: You have a somewhat thin skeletal
                  | structure. (Dex +2, Stealth+) [demonic ancestry]
  1053 | D:2      | Reached XP level 4. HP: 19/34 MP: 4/4
  1053 | D:2      | Gained mutation: You regenerate a little health from kills.
                  | [demonic ancestry]
  1053 | D:2      | Reached XP level 5. HP: 22/39 MP: 5/5
  1506 | D:2      | Identified the ring "Zetan" {Will+ Stlth+}
  1568 | D:2      | Noticed Jessica
  1623 | D:2      | Killed Jessica
  1942 | D:3      | HP: 1/40 [gnoll/+0 club (3)]
  1942 | D:3      | Mangled by a gnoll

Illustrated notes

Levels and vault maps discovered:
D:1:      onia_arrival_pyramid, layout_rooms
D:2:      layout_basic, kennysheep_jessica_study, uniq_sigmund
D:3:      layout_basic, uniq_terence

Skill      XL: |  1  2 |
---------------+-------+-----
Axes           | 3 4 |  4.4
Dodging        | 3 |  3.6
Armour         | 1 |  1.6
Fighting       | |  2.9
Throwing       | |  1.9
Stealth        | |  0.1

Action                     |  1- 3 |  4- 6 || total
---------------------------+-------+-------++-------
  Melee: War axe           |    65 |    53 ||   118
         Tailslap          |     2 |     6 ||     8
         Punch             |       |     1 ||     1
    Use: Scroll            |       |     3 ||     3
 Armour: Leather armour    |     8 |       ||     8
         Scale mail        |    29 |       ||    29
         Chain mail        |     3 |    28 ||    31
  Dodge: Dodged            |    48 |    30 ||    78

Table legend: (Time is in decaauts)
 A = Elapsed time spent in this place.
 B = Non-inter-level travel time spent in this place.
 C = Inter-level travel time spent in this place.
 D = Time resting spent in this place.
 E = Time spent auto-exploring this place.
 F = Levels seen in this place.
 G = Mean time per level.
                   A        B        C        D        E       F      G
               +--------+--------+--------+--------+--------+-----+--------+
         Total |   1978 |   1978 |      0 |    126 |      0 |   3 |  659.3 |
       Dungeon |   1978 |   1978 |      0 |    126 |      0 |   3 |  659.3 |
               +--------+--------+--------+--------+--------+-----+--------+

Top non-repeatable levels by time:
     D:2: 1174 daAuts
     D:1: 517 daAuts
     D:3: 286 daAuts
